 Dungeon Crawl Stone Soup version 0.29.1-2-gbd0b4ee654 (webtiles) character file.

Game seed: 13947134019061753318

160 GorkyZ the Ducker (level 5, -1/50 HPs)
             Began as a Troll Gladiator on Nov 23, 2022.
             Slain by a gnoll sergeant
             ... wielding a +0 spear
              (12 damage)
             ... on level 3 of the Dungeon.
             The game lasted 00:05:06 (1797 turns).

GorkyZ the Ducker (Troll Gladiator)                 Turns: 1797, Time: 00:05:07

Health: -1/50      AC:  4    Str: 22    XL:     5   Next: 17%
Magic:  4/4        EV: 10    Int:  4    God:
Gold:   99         SH:  0    Dex: 13    Spells: 4/4 levels left

rFire   . . .      SeeInvis .   a - +0 war axe
rCold   . . .      Faith    .   (no shield)
rNeg    . . .      Spirit   .   b - +0 robe
rPois   .          Reflect  .   c - +0 hat
rElec   .          Harm     .   (no cloak)
rCorr   .          Rampage  .   (gloves unavailable)
Will    .....                   (boots unavailable)
Stlth   +.........              (no amulet)
HPRegen 0.96/turn               (no ring)
MPRegen 0.09/turn               (no ring)

@: no status effects
A: large, unfitting armour, claws 3, regeneration 1, shaggy fur 1, tough skin 1
a: no special abilities


You were on level 3 of the Dungeon.
You visited 1 branch of the dungeon, and saw 3 of its levels.

You collected 99 gold pieces.

Inventory:

Hand Weapons
 a - a +0 war axe (weapon)
 j - a +4 spear
Missiles
 d - 3 throwing nets (quivered)
 e - a large rock
 r - 8 poisoned darts
Armour
 b - a +0 robe (worn)
 c - a +0 hat (worn)
 n - a +0 buckler
Scrolls
 g - 2 scrolls of identify {unknown}
 m - a scroll of teleportation {unknown}
 o - a scroll of enchant armour {unknown}
 s - a scroll of fear {unknown}
 t - a scroll of noise {unknown}
 u - a scroll of blinking {unknown}
Potions
 f - a potion of ambrosia {unknown}
 h - 2 potions of heal wounds {unknown}
 i - 2 potions of haste {unknown}
 k - 3 potions of curing {unknown}
 l - a potion of degeneration {unknown}
 p - 2 potions of mutation {unknown}
 q - a potion of magic {unknown}


   Skills:
 + Level 2.4 Fighting
 + Level 3.1 Axes
 + Level 2.7 Throwing
 * Level 3.4 Dodging


You had 4 spell levels left.
You didn't know any spells.
Your spell library contained the following spells:

 Spells                   Type           Power      Damage    Failure   Level
 Necrotise                Necr           0%         1d4       50%         1
 Call Canine Familiar     Summ           0%         N/A       86%         3
 Portal Projectile        Hex/Tloc       0%         N/A       86%         3
 Vampiric Draining        Necr           0%         2d6       86%         3
 Leda's Liquefaction      Hex/Erth       0%         N/A       99%         4
 Agony                    Necr           0%         N/A       100%        5


Dungeon Overview and Level Annotations

Branches:
Dungeon (3/15)

Altars:
Fedhas


Innate Abilities, Weirdness & Mutations

You are too large for most types of armour.
You have claws for hands.
Your natural rate of healing is unusually fast.
You are covered in fur. (AC +1)
You have tough skin. (AC +1)


Message History

You slash the gnoll sergeant!
The gnoll sergeant is moderately wounded.
You hear the drain falling apart.
The gnoll sergeant hits you with a +0 spear.
You barely miss the gnoll sergeant.
The gnoll sergeant is moderately wounded.
The gnoll sergeant closely misses you.
You closely miss the gnoll sergeant.
The gnoll sergeant is moderately wounded.
The gnoll sergeant hits you with a +0 spear.
The gnoll sergeant barely misses you.
You hit the gnoll sergeant but do no damage.
The gnoll sergeant is moderately wounded.
The gnoll sergeant hits you with a +0 spear.
You closely miss the gnoll sergeant.
The gnoll sergeant is moderately wounded.
The gnoll sergeant barely misses you.
You closely miss the gnoll sergeant.
The gnoll sergeant is moderately wounded.
The gnoll sergeant completely misses you.
The gnoll sergeant hits you with a +0 spear!
You are too injured to fight recklessly!
You are too injured to fight recklessly!
You are too injured to fight recklessly!
You are too injured to fight recklessly!
You are too injured to fight recklessly!
You are too injured to fight recklessly!
You are too injured to fight recklessly!
You are too injured to fight recklessly!
You are too injured to fight recklessly!
A gnoll sergeant is nearby!
You hit the gnoll sergeant but do no damage.
The gnoll sergeant is moderately wounded.
The gnoll sergeant hits you with a +0 spear!
* * * LOW HITPOINT WARNING * * *
You hit the gnoll sergeant but do no damage.
The gnoll sergeant is moderately wounded.
The walls and floor vibrate strangely for a moment.
The gnoll sergeant hits you with a +0 spear!
You die...

###.#......#.# #.#
#.#... ......<....#..
... #.#...
####################.#
#.#... ##.'..#...#.#
#.#..< ##..##...###
#..# ##.#..#..##.#
#... ##.#..###....#
.##.# ##.#.....#..###
..... # ##.#..#..###@#
###.. #
##.#..#.##..#g..# ###
####.#..#.## .###.## #
.##.#..#.## #. .= #
##.#..#.## .# #.# #
..#..#.## .# #
....#.## ## # #..#.##
# ..#.## #. #+########


You could see a gnoll sergeant.

Vanquished Creatures
  A hound (D:3)
  An orc priest (D:3)
  2 adders
  A gnoll (D:1)
  4 worms (D:3)
  A dart slug (D:2)
  2 orcs (D:3)
  4 endoplasms
  A giant cockroach (D:1)
  2 goblins (D:1)
  7 hobgoblins
  4 jackals (D:1)
  5 kobolds
  2 quokkas
  4 ball pythons
  9 bats
  2 frilled lizards
  6 rats
58 creatures vanquished.

Notes
Turn   | Place    | Note
-------+----------+-------------------------------------------
     0 | D:1      | GorkyZ the Troll Gladiator began the quest for the Orb.
     0 | D:1      | Reached XP level 1. HP: 19/19 MP: 0/0
   201 | D:1      | Reached XP level 2. HP: 28/28 MP: 1/1
   273 | D:1      | Reached XP level 3. HP: 27/35 MP: 2/2
  1128 | D:2      | Found a faded altar of an unknown god.
  1240 | D:3      | Reached XP level 4. HP: 41/42 MP: 3/3
  1366 | D:3      | Found a blossoming altar of Fedhas.
  1721 | D:3      | Reached XP level 5. HP: 26/50 MP: 4/4
  1797 | D:3      | Slain by a gnoll sergeant

Illustrated notes

Levels and vault maps discovered:
D:1:      heliophobic_arrival_enchanted_forest, layout_loops_ring
D:2:      minmay_chambers_of_ones, layout_loops_ring,
          shapermc_ecumenical_altar_mp_urbaneastern
D:3:      minmay_razor_zed, layout_basic, fedhas_altar_1, gammafunk_ghost_split,
          gup_sewer_entry_glass, minivault_5

Skill      XL: |  1  2  3  4 |
---------------+-------------+-----
Throwing       | 2 |  2.7
Fighting       | 2 |  2.4
Dodging        | 3 |  3.4
Axes           | 3 |  3.1

Action                   |  1- 3 |  4- 6 || total
-------------------------+-------+-------++-------
Melee: War axe           |   114 |    94 ||   208
       Punch             |     1 |       ||     1
Armor: Robe              |    57 |    42 ||    99
Dodge: Dodged            |    97 |    58 ||   155
